 Dungeon Crawl Stone Soup version 0.20-a0-731-gecde0bf (webtiles) character file.

5852 Alarkh the Carver (level 10, -20/79 HPs)
             Began as a Demonspawn Monk on Feb 22, 2017.
             Was a High Priest of Okawaru.
             Demolished by a two-headed ogre
             ... wielding a +0 giant club
              (27 damage)
             ... on level 9 of the Dungeon.
             The game lasted 00:14:49 (8742 turns).

Alarkh the Carver (Demonspawn Monk)                 Turns: 8742, Time: 00:14:51

Health: -20/79     AC:  8    Str: 11    XL:     10   Next: 52%
Magic:  15/17      EV: 19    Int: 15    God:    Okawaru [*****.]
Gold:   185        SH:  6    Dex: 16    Spells: 11/19 levels left

rFire    + . .     SeeInvis .   a - +0 great sword (flame)
rCold    . . .     Gourm    .   z - +1 leather armour "Xubruirr" {Regen+ Slay+4}
rNeg     . . .     Faith    .   (shield currently unavailable)
rPois    .         Spirit   .   (helmet restricted)
rElec    .         Reflect  .   M - +0 cloak
rCorr    .         Harm     .   g - +1 pair of gloves
MR       .....                  (no boots)
Stlth    +++.......             (no amulet)
Regen    0.7/turn               (no ring)
MPRegen  0.2/turn               N - ring of protection from fire

@: about to teleport, heroism, very slightly contaminated, drained
A: antennae 1, large bone plates 2, powered by death 2
a: Heroism, Finesse, Renounce Religion


You were on level 9 of the Dungeon.
You worshipped Okawaru.
Okawaru was extremely pleased with you.
You were near starving.

You visited 2 branches of the dungeon, and saw 10 of its levels.

You collected 551 gold pieces.
You spent 366 gold pieces at shops.

Inventory:

Hand Weapons
 a - a +0 great sword of flaming (weapon)
 h - a +0 dagger of pain
 A - the +0 short sword of Roufonaa {pierce, rN+ MR+ MP+9}
   (You found it on level 5 of the Dungeon)

   It inflicts extra damage upon your enemies.
   It protects you from negative energy.
   It affects your resistance to hostile enchantments.
   It affects your magic capacity (+9).
 B - a +2 long sword
 G - a +0 falchion
Armour
 b - a +2 robe
 d - a +2 helmet
 g - a +1 pair of gloves (worn)
 r - a +0 shield
 z - the +1 leather armour "Xubruirr" (worn) {Regen+ Slay+4}
   (You found it on level 5 of the Dungeon)

   It affects your accuracy and damage with ranged weapons and melee attacks
   (+4).
   It increases your rate of regeneration.
 H - the +2 ring mail of an ossuary {rElec rC+ MR- Int+8}
   (You found it on level 6 of the Dungeon)

   It affects your intelligence (+8).
   It protects you from cold.
   It insulates you from electricity.
   It affects your resistance to hostile enchantments.
 M - a +0 cloak (worn)
Jewellery
 C - an uncursed ring of teleportation
 N - a ring of protection from fire (left hand)
Wands
 w - a wand of flame (34/48)
 J - a wand of random effects (26/48)
 O - a wand of iceblast (8/15)
Scrolls
 e - a scroll of identify
 j - 2 scrolls of teleportation
 l - 3 scrolls of amnesia {unknown}
 m - 2 scrolls of immolation {unknown}
 o - 4 scrolls of remove curse
 t - a scroll of fog {unknown}
 D - a scroll of noise {unknown}
 K - 4 scrolls of fear {unknown}
 P - a scroll of recharging {unknown}
Potions
 f - 2 potions of might
 i - 2 potions of curing
 p - a potion of agility
 q - 2 potions of brilliance
 s - a potion of mutation
 E - 2 potions of invisibility
 F - 2 potions of heal wounds
 I - a potion of magic
 L - 2 potions of haste
Books
 u - a book of Minor Magic

   Spells                             Type                      Level
   a - Magic Dart                     Conjuration                  1
   b - Blink                          Translocation                2
   c - Call Imp                       Summoning                    2
   d - Slow                           Hexes                        2
   e - Conjure Flame                  Conjuration/Fire             3
   f - Mephitic Cloud                 Conjuration/Poison/Air       3
 y - a book of Air

   Spells                             Type                      Level
   a - Shock                          Conjuration/Air              1
   b - Swiftness                      Charms/Air                   2
   c - Static Discharge               Conjuration/Air              3
   d - Airstrike                      Air                          4
   e - Lightning Bolt                 Conjuration/Air              5
 Q - a book of Changes

   Spells                             Type                      Level
   a - Beastly Appendage              Transmutation                1
   b - Sticks to Snakes               Transmutation                2
   c - Spider Form                    Transmutation/Poison         3
   d - Ice Form                       Ice/Transmutation            4
   e - Blade Hands                    Transmutation                5
Comestibles
 c - 8 bread rations
 k - 8 royal jellies
 n - 6 meat rations
 v - 15 fruits


   Skills:
 + Level 7.2(10.9) Fighting
 * Level 9.1(12.7) Long Blades
 + Level 2.2(6.1) Armour
 + Level 6.6(10.3) Dodging
 - Level 1.7(5.6) Stealth
 + Level 5.0(4.0) Spellcasting
 - Level 6.0(4.9) Conjurations


You had 11 spell levels left.
You knew the following spells:

 Your Spells              Type           Power        Failure   Level  Hunger
a - Conjure Flame         Conj/Fire      ##......     30%         3    ###....
b - Blink                 Tloc           N/A          34%         2    ##.....
e - Mephitic Cloud        Conj/Pois/Air  #.......     38%         3    ###....


Dungeon Overview and Level Annotations

Branches:
Dungeon (9/15)             Temple (1/1) D:6
   Lair: D:8-11         Orc: D:9-12

Altars:
Ashenzari
Cheibriados
Dithmenos
Elyvilon
Fedhas
Gozag
Hepliaklqana
Kikubaaqudgha
Makhleb
Nemelex Xobeh
Okawaru
Qazlal
Ru
Sif Muna
Trog
Uskayaw
Vehumet
Wu Jian
Xom
Yredelemnul
Zin
The Shining One

Shops:
D:4 ?

Annotations:
D:3 1 runed door


Innate Abilities, Weirdness & Mutations

You have a pair of small antennae on your head.
You are mostly covered in large bone plates. (SH +6)
You regenerate health from kills.


Message History

The hippogriff closely misses you. The wight hits you but does no damage.
Unknown command.
As you read the scroll of teleportation, it crumbles to dust.
You feel strangely unstable. The hippogriff bites you.
* * * LOW HITPOINT WARNING * * *
The hippogriff barely misses you.
The hippogriff claws you but does no damage.
You gain the combat prowess of a mighty hero.
The hippogriff bites you.
* * * LOW HITPOINT WARNING * * *
The hippogriff closely misses you. The hippogriff claws you.
* * * LOW HITPOINT WARNING * * *
Unknown command.
You hit the hippogriff. You burn the hippogriff.
The hippogriff is heavily wounded.
The hippogriff closely misses you.
The hippogriff pecks you but does no damage.
You block the hippogriff's attack.
The two-headed ogre hits you with a giant club!!
You die...

.......# #.#.......##.......
.....[.#######.#.......##....####
.......................'.....#..#
...............#.......##....#..#
........###...##.......##....#..'
..............##.########....#..#
........###...##z# #....#..#
#...##O# #.#######
#...##@########.## #
.#.###...##H##........######
..>.........................
.#####...##.##........######
.....'....#.##........# #
######....#.##...###### #
#....#.##...# # ####.#.##...# #
#. #.#.##...# #


You could see a two-headed ogre, a hippogriff and a wight.

Vanquished Creatures
  A hippogriff (D:9)
  2 wyverns
  4 hogs (D:9)
  A human (D:9)
  A hungry ghost (D:8)
  4 orc warriors
  2 black bears (D:8)
  An ice beast (D:7)
  4 phantoms
  2 sky beasts (D:9)
  7 ogres
  3 centaurs
  2 crocodiles
  2 big kobolds (D:8)
  2 bullfrogs
  A jelly (D:7)
  5 scorpions
  12 wights
  4 howler monkeys
  A crimson imp (D:8)
  2 hounds
  3 gnoll shamans
  5 orc wizards
  A bullfrog skeleton (D:6)
  3 orc priests
  A centaur skeleton (D:9)
  Jessica (D:3)
  4 iguanas
  8 worker ants
  2 hound zombies
  A worker ant zombie (D:6)
  Robin (D:2)
  17 gnolls
  6 adders
  A shadow imp (D:8)
  3 oozes
  An adder zombie (D:8)
  A worm (D:2)
  12 dart slugs
  3 leopard geckos
  22 orcs
  5 ball pythons
  4 giant cockroaches
  11 goblins
  8 hobgoblins
  4 quokkas
  3 bats
  2 jackal skeletons
  5 kobolds
  2 leopard gecko skeletons
  6 rats
  3 fungi (D:8)
  4 plants (D:8)
216 creatures vanquished.

Vanquished Creatures (others)
  5 killer bees (D:9)
  2 fungi (D:8)
  5 plants (D:8)
12 creatures vanquished.

Grand Total: 228 creatures vanquished

Notes
Turn   | Place    | Note
-------+----------+-------------------------------------------
     0 | D:1      | Alarkh the Demonspawn Monk began the quest for the Orb.
     0 | D:1      | Reached XP level 1. HP: 18/18 MP: 1/1
   433 | D:1      | Gained mutation: You regenerate a little health from kills. [demonic ancestry]
   433 | D:1      | Reached XP level 2. HP: 24/24 MP: 2/2
   696 | D:1      | Reached skill level 3 in Long Blades
   895 | D:2      | Reached XP level 3. HP: 22/29 MP: 3/3
  1065 | D:2      | Noticed Robin
  1098 | D:2      | Killed Robin
  1251 | D:2      | Gained mutation: You regenerate health from kills. [demonic ancestry]
  1251 | D:2      | Reached XP level 4. HP: 37/37 MP: 4/4
  1628 | D:3      | Noticed Jessica
  1864 | D:3      | Killed Jessica
  1864 | D:3      | Reached skill level 4 in Long Blades
  1864 | D:3      | Reached XP level 5. HP: 30/42 MP: 5/5
  2552 | D:3      | Found a runed door.
  2964 | D:3      | Reached XP level 6. HP: 48/48 MP: 6/6
  3087 | D:4      | Reached skill level 5 in Long Blades
  3093 | D:4      | Learned a level 2 spell: Blink
  3097 | D:4      | Learned a level 3 spell: Conjure Flame
  3283 | D:4      | Found Urofu's Magic Scroll Emporium.
  3286 | D:4      | Bought a scroll of blinking for 90 gold pieces
  3354 | D:5      | Entered Level 5 of the Dungeon
  3365 | D:5      | Reached skill level 1 in Conjurations
  3434 | D:5      | Got a transparent leather armour
  3451 | D:5      | Got a warped short sword
  3452 | D:5      | Identified the cursed +0 short sword of Roufonaa {pierce, rN+ MR+ MP+9} (You found it on level 5 of the Dungeon)
  3472 | D:4      | Identified the +1 leather armour "Xubruirr" {Regen+ Slay+4} (You found it on level 5 of the Dungeon)
  3563 | D:4      | Reached skill level 1 in Spellcasting
  3563 | D:4      | Gained mutation: You are partially covered in large bone plates. (SH +4) [demonic ancestry]
  3563 | D:4      | Reached XP level 7. HP: 55/55 MP: 6/8
  3694 | D:5      | Found an ancient bone altar of Kikubaaqudgha.
  3970 | D:6      | Reached skill level 5 in Fighting
  4174 | D:6      | Found a staircase to the Ecumenical Temple.
  4179 | Temple   | Entered the Ecumenical Temple
  4458 | Temple   | Became a worshipper of Warmaster Okawaru
  4458 | Temple   | Reached * piety under Okawaru
  4458 | Temple   | Reached ** piety under Okawaru
  4492 | D:6      | Reached XP level 8. HP: 41/62 MP: 8/11
  4532 | D:6      | Reached skill level 6 in Long Blades
  4760 | D:6      | Reached skill level 5 in Dodging
  5039 | D:6      | Got a jewelled ring mail
  5050 | D:6      | Identified the +2 ring mail of an ossuary {rElec rC+ MR- Int+8} (You found it on level 6 of the Dungeon)
  5339 | D:7      | Found an ornate altar of the Wu Jian Council.
  5933 | D:7      | Reached *** piety under Okawaru
  5990 | D:8      | Reached skill level 5 in Conjurations
  6025 | D:8      | Found a deep blue altar of Sif Muna.
  6119 | D:8      | Found a basalt altar of Yredelemnul.
  6125 | D:8      | Gained mutation: You have a pair of small antennae on your head. [demonic ancestry]
  6125 | D:8      | Reached XP level 9. HP: 58/69 MP: 13/13
  6249 | D:8      | Reached skill level 7 in Long Blades
  6416 | D:7      | Reached **** piety under Okawaru
  6425 | D:7      | Learned a level 3 spell: Mephitic Cloud
  7019 | D:8      | Reached skill level 8 in Long Blades
  7434 | D:8      | Gained mutation: You are mostly covered in large bone plates. (SH +6) [demonic ancestry]
  7434 | D:8      | Reached XP level 10. HP: 43/77 MP: 16/16
  7717 | D:9      | Reached ***** piety under Okawaru
  7803 | D:9      | Reached skill level 1 in Armour
  7884 | D:9      | Noticed a two-headed ogre
  8130 | D:9      | Reached skill level 9 in Long Blades
  8155 | D:9      | Reached skill level 5 in Spellcasting
  8329 | D:4      | Bought a scroll of brand weapon for 240 gold pieces
  8329 | D:4      | Bought a scroll of teleportation for 36 gold pieces
  8702 | D:9      | Noticed a two-headed ogre
  8742 | D:9      | Demolished by a two-headed ogre

Vault maps used:
D:1:      dpeg_arrival_water_fire, serial_bayou_pond_c
D:2:      uniq_robin
D:3:      kb_forest_paths, first_bread, uniq_crazy_yiuf_cottage, uniq_jessica
D:4:      kennysheep_slugbush, serial_shops, kennysheep_mini
D:5:      basic_altar
D:6:      temple_doors_ab
D:7:      basic_altar
D:8:      kennysheep_seaside_town, yredelemnul_altar_generic, basic_altar
D:9:      grunt_livestock, lemuel_flamethrower_hall
Temple:   roderic_octagonal_lattice_temple

Skill      XL: |  1  2  3  4  5  6  7  8  9 10 |
---------------+-------------------------------+-----
Long Blades    | 3 4 5 6 8 9 |  9.1
Dodging        | 3 4 5 6 |  6.6
Fighting       | 4 5 6 7 |  7.2
Conjurations   | 1 3 5 6 |  6.0
Spellcasting   | 1 2 3 4 5 |  5.0
Armour         | 2 |  2.2
Stealth        | |  1.7

Action                   |  1- 3 |  4- 6 |  7- 9 | 10-12 || total
-------------------------+-------+-------+-------+-------++-------
Melee: Falchion          |   128 |   268 |    55 |       ||   451
       Long sword        |       |       |   376 |   168 ||   544
       Punch             |       |       |     2 |     1 ||     3
       Great sword       |       |       |       |    34 ||    34
Invok: Heroism           |       |       |     2 |     3 ||     5
  Use: Scroll            |     4 |     6 |     5 |     5 ||    20
       Potion            |     1 |     5 |       |     1 ||     7
 Stab: Sleeping          |     8 |     2 |     5 |       ||    15
  Eat: Chunk             |     1 |     8 |    16 |     3 ||    28
Armor: Robe              |    35 |    61 |       |       ||    96
       Skin              |       |     4 |       |     8 ||    12
       Leather armour    |       |     7 |   101 |    27 ||   135
Dodge: Dodged            |    84 |   208 |   284 |    97 ||   673
Block: Other             |       |       |    65 |    49 ||   114
       Rpst.: Falchion   |    25 |    53 |    11 |       ||    89
       Long sword        |       |       |    68 |    17 ||    85
       Great sword       |       |       |       |    12 ||    12
